 Dungeon Crawl Stone Soup version 0.29.0-4-gdea44cf6ec (webtiles) character file.

Game seed: 10871351558515568461

15 qw the Sneak (level 2, -1/23 HPs)
             Began as a Ghoul Enchanter on Sept 5, 2022.
             Slain by a quokka (4 damage)
             ... on level 1 of the Dungeon.
             The game lasted 00:00:23 (1110 turns).

qw the Sneak (Ghoul Enchanter)                      Turns: 1110, Time: 00:00:23

Health: -1/23      AC:  2    Str: 11    XL:     2   Next: 50%
Magic:  3/3        EV: 12    Int: 10    God:
Gold:   23         SH:  0    Dex:  9    Spells: 4/4 levels left

rFire   . . .      SeeInvis .     - Unarmed
rCold   + . .      Faith    .   (no shield)
rNeg    + + +      Spirit   .   b - +0 robe
rPois   inf        Reflect  .   (no helmet)
rElec   .          Harm     .   (no cloak)
rCorr   .          Rampage  .   (no gloves)
Will    .....                   (no boots)
Stlth   ++........              (no amulet)
HPRegen 0.00/turn               (no ring)
MPRegen 0.08/turn               (no ring)

@: inhibited regen
A: claws 1, cold resistance 1, negative energy resistance 3, inhibited
regeneration, torment resistance 2, devour on kill
a: no special abilities


You were on level 1 of the Dungeon.
You visited 1 branch of the dungeon, and saw 1 of its levels.

You collected 23 gold pieces.


Innate Abilities, Weirdness & Mutations

You are immune to poison.
You have sharp fingernails.
Your flesh is cold resistant. (rC+)
You are immune to negative energy. (rN+++)
You do not regenerate when monsters are visible.
You are immune to unholy pain and torment.
You thrive by killing the living.


   Skills:
 - Level 1.2 Fighting
 - Level 0.8 Short Blades
 - Level 1.7 Dodging
 - Level 3.2 Stealth
 + Level 1.7 Unarmed Combat
 - Level 1.7 Spellcasting
 - Level 2.4 Hexes


You had 4 spell levels left.
You didn't know any spells.
Your spell library contained the following spells:

 Spells                   Type           Power      Damage    Failure   Level
 Ensorcelled Hibernation  Hex/Ice        6%         N/A       30%         2
 Confusing Touch          Hex            5%         N/A       34%         3
 Tukima's Dance           Hex            5%         N/A       34%         3
 Dazzling Flash           Conj/Hex       6%         N/A       52%         3

Inventory:

Armour
 b - a +0 robe (worn)
 f - a +0 ring mail
Scrolls
 a - a scroll of summoning {unknown}
 e - 2 scrolls of fear {unknown}
 g - a scroll of enchant armour {unknown}
Potions
 c - 2 potions of invisibility
 d - a potion of lignification {unknown}

Dungeon Overview and Level Annotations

Branches:
Dungeon (1/15)

Altars:


Message History

You closely miss the quokka. The quokka closely misses you.
You scratch the quokka.
The quokka is moderately wounded.
The quokka misses you.
You barely miss the quokka.
The quokka is moderately wounded.
The quokka closely misses you.
You barely miss the quokka.
The quokka is moderately wounded.
The quokka bites you. x2
You closely miss the quokka.
The quokka is lightly wounded.
The quokka bites you.
You closely miss the quokka.
The quokka is lightly wounded.
The quokka barely misses you.
You barely miss the quokka.
The quokka is lightly wounded.
The quokka bites you.
You barely miss the quokka.
The quokka is lightly wounded.
The quokka bites you.
You scratch the quokka.
The quokka is moderately wounded.
The quokka closely misses you. x2
You scratch the quokka but do no damage.
The quokka is moderately wounded.
The quokka completely misses you.
You closely miss the quokka.
The quokka is moderately wounded.
The quokka twitches its whiskers.
The quokka barely misses you.
You scratch the quokka.
The quokka is almost dead.
The quokka closely misses you.
You scratch the quokka but do no damage.
The quokka is almost dead.
The quokka bites you.
You die...

###.....(..#.#
#.#.....#
##########.#
#.#.##..#
#...#
#...#...#
#.###
#####..##
#.#########..#
#............#
##########.#.#
#####...#
#.@...###
#r##### ...
#.## #. #


You could see a quokka.

Vanquished Creatures
  A dart slug (D:1)
  3 goblins (D:1)
  A hobgoblin (D:1)
  A quokka (D:1)
  2 frilled lizards (D:1)
  3 kobolds (D:1)
  A rat (D:1)
12 creatures vanquished.

Notes
Turn   | Place    | Note
-------+----------+-------------------------------------------
     0 | D:1      | qw the Ghoul Enchanter began the quest for the Orb.
     0 | D:1      | Reached XP level 1. HP: 14/14 MP: 2/2
     0 | D:1      | 0 ||| qw: Version: 0.1-a-104-g96f76f8
     0 | D:1      | 0 ||| qw: Game counter: 5839
     0 | D:1      | 0 ||| qw: Always use a shield: true
     0 | D:1      | 0 ||| qw: God list: Okawaru
     0 | D:1      | 0 ||| qw: Allow faded altars: false
     0 | D:1      | 0 ||| qw: Do Orc after D:15 true
     0 | D:1      | 0 ||| qw: Do second Lair branch before Depths: true
     0 | D:1      | 0 ||| qw: Lair rune preference: random
     0 | D:1      | 0 ||| qw: Plans: Normal
     0 | D:1      | 0 ||| PLANNING D:1-11
     1 | D:1      | 1 ||| DROPPING +1 dagger.
    43 | D:1      | 43 ||| Stepping ~*~*~tactically~*~*~ (outnumbered).
    44 | D:1      | 44 ||| Stepping ~*~*~tactically~*~*~ (outnumbered).
    59 | D:1      | Reached skill level 1 in Unarmed Combat
   423 | D:1      | Reached skill level 1 in Fighting
   423 | D:1      | Reached XP level 2. HP: 21/23 MP: 3/3
   466 | D:1      | 466 ||| Stepping ~*~*~tactically~*~*~ (stealth).
   475 | D:1      | 475 ||| Stepping ~*~*~tactically~*~*~ (stealth).
   477 | D:1      | 477 ||| Stepping ~*~*~tactically~*~*~ (stealth).
   498 | D:1      | 498 ||| Stepping ~*~*~tactically~*~*~ (stealth).
   693 | D:1      | Found a faded altar of an unknown god.
  1104 | D:1      | HP: 4/23 [quokka (4)]
  1110 | D:1      | Slain by a quokka

Levels and vault maps discovered:
D:1:      dpeg_arrival_simpleton_c, layout_basic,
          chequers_ecumenical_altar_simple

Skill      XL: |  1 |
---------------+----+-----
Unarmed Combat | 1 |  1.7
Fighting       | 1 |  1.2
Short Blades   | |  0.8
Dodging        | |  1.7
Stealth        | |  3.2
Spellcasting   | |  1.7
Hexes          | |  2.4

Action                   || total
-------------------------++-------
Melee: Unarmed           ||    69
Armor: Robe              ||     6
Dodge: Dodged            ||    26

Table legend:
 A = Non-vault XP
 B = Vault XP
 C = Vault XP percentage of total XP
 D = Non-vault monster count
 E = Vault monster count
 F = Vault count percentage of total count
                 A         B        C        D         E       F
            +---------+---------+-------+---------+---------+-------
      Total |      22 |       0 |   0.0 |      12 |       0 |   0.0
            +---------+---------+-------+---------+---------+-------
        D:1 |      22 |       0 |   0.0 |      12 |       0 |   0.0
            +---------+---------+-------+---------+---------+-------
